 Dungeon Crawl Stone Soup version 0.20.1-1-g8b1a95d (webtiles) character file.

25410 tidbits the Martial Artist (level 12, 0/101 HPs)
             Began as a Demigod Transmuter on Aug 12, 2017.
             Slain by a blink frog (13 damage)
             ... on level 6 of the Lair of Beasts on Aug 13, 2017.
             The game lasted 01:30:28 (7525 turns).

tidbits the Martial Artist (Demigod Transmuter)     Turns: 7525, Time: 01:30:29

Health: 0/101      AC: 16    Str: 13    XL:     12   Next: 53%
Magic:  12/24      EV: 18    Int: 28    God:
Gold:   441        SH:  0    Dex: 16    Spells: 1/22 levels left

rFire    . . .     SeeInvis .     - Unarmed
rCold    . . .     Gourm    +   (shield currently unavailable)
rNeg     . . .     Faith    .   B - +2 robe {MR+}
rPois    .         Spirit   .   E - +2 hat
rElec    .         Reflect  .   C - +2 cloak
rCorr    .         Harm     .   (gloves currently unavailable)
MR       ++...                  F - +0 pair of boots
Stlth    +.........             D - amulet of the gourmand
Regen    0.3/turn               U - +6 ring of protection
MPRegen  0.2/turn               O - +3 ring of intelligence

@: blade hands (expiring), frozen, very slightly contaminated, very slow
A: high mp 1
a: End Transformation


You were on level 6 of the Lair of Beasts.
You were very full.
You had blades for hands.
You visited 2 branches of the dungeon, and saw 19 of its levels.
You also visited: Sewer.

You collected 783 gold pieces.
You spent 342 gold pieces at shops.

Inventory:

Hand Weapons
 g - a +2 blowgun
Missiles
 a - 8 arrows
 f - 261 stones
 v - 3 javelins (quivered)
 M - 7 curare-tipped needles
Armour
 e - a +1 scale mail of cold resistance
   (You found it on level 6 of the Dungeon)
 k - a +1 robe of fire resistance
   (You found it on level 3 of the Dungeon)
 B - a +2 robe of magic resistance (worn)
   (You found it on level 5 of the Dungeon)
 C - a +2 cloak (worn)
 E - a +2 hat (worn)
 F - a +0 pair of boots (worn)
 G - a +0 pair of gloves (melded)
Jewellery
 D - an amulet of the gourmand (around neck)
   (You found it on level 7 of the Dungeon)
 H - an uncursed ring of protection from magic
   (You found it on level 1 of the Dungeon)
 O - a +3 ring of intelligence (right scythe-like blade)
   (You found it on level 10 of the Dungeon)
 R - an uncursed ring of protection from cold
   (You found it on level 10 of the Dungeon)
 U - a +6 ring of protection (left scythe-like blade)
   (You found it on level 5 of the Lair of Beasts)
 X - a +4 ring of dexterity
   (You found it on level 9 of the Dungeon)
Wands
 b - a wand of digging (14/24)
 h - a wand of random effects (30/48)
 l - a wand of acid (3/15)
 n - a wand of paralysis (15/24)
 o - a wand of lightning (4/15)
 s - a wand of acid (9/15)
 A - a wand of digging (4/24)
 P - a wand of iceblast (0/15)
 V - a wand of flame (23/48)
Scrolls
 j - 5 scrolls of magic mapping
 p - 2 scrolls of blinking {unknown}
 r - 5 scrolls of remove curse
 t - 3 scrolls of teleportation
 u - 2 scrolls of fog
 y - 2 scrolls of fear
 N - a scroll of recharging
Potions
 i - 4 potions of agility
 m - a potion of brilliance
 q - 3 potions of curing
 w - a potion of invisibility {unknown}
 z - 4 potions of heal wounds
 I - a potion of mutation {unknown}
 J - 2 potions of magic
 K - a potion of lignification
 Q - a potion of berserk rage {unknown}
 S - a potion of cancellation {unknown}
 W - a potion of haste
 Y - a potion of resistance
 Z - a potion of ambrosia {unknown}
Books
 c - a book of Changes

   Spells                             Type                      Level
   a - Beastly Appendage              Transmutation                1
   b - Sticks to Snakes               Transmutation                2
   c - Spider Form                    Transmutation/Poison         3
   d - Ice Form                       Ice/Transmutation            4
   e - Blade Hands                    Transmutation                5
 x - a book of Necromancy
   (You found it on level 1 of the Lair of Beasts)

   Spells                             Type                      Level
   a - Pain                           Necromancy                   1
   b - Animate Skeleton               Necromancy                   1
   c - Vampiric Draining              Necromancy                   3
   d - Regeneration                   Charms/Necromancy            3
   e - Animate Dead                   Necromancy                   4
   f - Control Undead                 Necromancy                   4
 L - a book of Clouds
   (You found it on level 4 of the Lair of Beasts)

   Spells                             Type                      Level
   a - Poisonous Vapours              Poison/Air                   2
   b - Mephitic Cloud                 Conjuration/Poison/Air       3
   c - Conjure Flame                  Conjuration/Fire             3
   d - Freezing Cloud                 Conjuration/Ice/Air          6
   e - Ring of Flames                 Charms/Fire                  7
Comestibles
 d - 3 bread rations
 T - 2 meat rations


   Skills:
 + Level 8.0 Fighting
 + Level 8.2 Dodging
 * Level 11.4 Unarmed Combat
 + Level 5.9 Spellcasting
 - Level 3.5 Charms
 - Level 1.0 Summonings
 - Level 3.5 Necromancy
 - Level 2.0 Translocations
 - Level 9.1 Transmutations
 - Level 3.0 Evocations


You had one spell level left.
You knew the following spells:

 Your Spells              Type           Power        Failure   Level  Hunger
a - Apportation           Tloc           ###...       24%         1    None
e - Beastly Appendage     Tmut           ######       8%          1    None
h - Blade Hands           Tmut           ######....   30%         5    #####..
k - Sticks to Snakes      Tmut           ######..     9%          2    None
n - Animate Skeleton      Necr           N/A          17%         1    None
p - Spider Form           Tmut/Pois      ####......   24%         3    None
r - Regeneration          Chrm/Necr      ####......   30%         3    None
N - Animate Dead          Necr           N/A          54%         4    ###....
P - Summon Butterflies    Summ           ##......     30%         1    None


Dungeon Overview and Level Annotations

Branches:
Dungeon (13/15)              Lair (6/6) D:11          Slime (0/5) Lair:6
    Orc (0/2) D:12
 Temple: D:4-7        Swamp: Lair:2-4    Shoals: Lair:2-4     Snake: Lair:2-4
 Spider: Lair:2-4    Vaults: D:13-14

Shops:
D:9 **([   D:11 (   D:12 *

Annotations:
D:3 Natasha
D:5 exclusion: ogre
D:6 Menkaure
D:8 exclusion: two-headed ogre
Lair:3 Snorg
Lair:4 exclusion: oklob plant


Innate Abilities, Weirdness & Mutations

You have an increased reservoir of magic. (+10% MP)


Message History

Your komodo dragon skeleton bites the black mamba!!
Unknown command.
The black mamba bites your komodo dragon skeleton!
Your adder bites the yak but does no damage.
Your adder barely misses the yak.
The black mamba bites your komodo dragon skeleton!
The yak gores your komodo dragon skeleton!
The yak gores you!
Your adder bites the yak.
Your adder bites the black mamba.
Your komodo dragon skeleton closely misses the yak.
The black mamba bites your adder!
Your adder dies!
The yak gores your komodo dragon skeleton!
Your komodo dragon skeleton is destroyed!
The yak completely misses you. The yak gores your adder.
A steam dragon comes into view.
Casting: Regeneration
Confirm with . or Enter, or press ? or * to list all spells.
You create a snake!
You now have 8 arrows.
The black mamba hisses angrily.
The ice encasing you melts away. The yak closely misses you.
The rime drake bites your polar bear skeleton!
Your polar bear skeleton bites the rime drake.
Your polar bear skeleton barely misses the rime drake.
Your polar bear skeleton claws the rime drake.
The yak closely misses you. The yak barely misses you.
The black mamba completely misses you.
You completely miss the black mamba.
The black mamba is severely wounded.
Your adder bites the yak.
The yak is poisoned.
Your adder poisons the yak!
The rime drake bites your polar bear skeleton. x2
Your polar bear skeleton is destroyed!
The yak gores you but does no damage. The black mamba bites you!
* * * LOW HITPOINT WARNING * * *
You are poisoned.
The black mamba poisons you! The yak gores you.
* * * LOW HITPOINT WARNING * * *
The yak closely misses you.
Your adder barely misses the yak.
Unknown command.
You feel sick. The black mamba bites you.
* * * LOW HITPOINT WARNING * * *
The black mamba barely misses you.
Your adder misses the black mamba. The yak misses your adder.
Okay, then.
You feel sick. The rime drake breathes ice at you.
The flash freeze hits your adder.
Your adder dies!
The yak gores you.
* * * LOW HITPOINT WARNING * * *
Your adder bites the yak.
The rime drake breathes ice at you. The flash freeze hits you!
You are encased in ice.
The black mamba completely misses you.
You feel sick.
Your adder bites the yak but does no damage.
The black mamba bites you.
* * * LOW HITPOINT WARNING * * *
The yak gores you but does no damage. The yak gores your adder!
You feel better.
Your transformation is almost over.
The ice encasing you melts away. The black mamba bites you!
* * * LOW HITPOINT WARNING * * *
Your adder completely misses the yak.
The yak barely misses you.
The yak snorts and paws the ground.
The yak gores you but does no damage. The yak misses you.
The black mamba closely misses you. The yak gores your adder.
Your adder dies!
The rime drake breathes ice at you. The flash freeze misses you.
The black mamba bites you.
* * * LOW HITPOINT WARNING * * *
Okay, then.
Unknown command.
Okay, then.
Unknown command.
Unknown command.
As you read the scroll of fear, it crumbles to dust.
You assume a fearsome visage.
The rime drake looks frightened! x2
The black mamba looks frightened!
The yak looks frightened! x4
The rime drake bites you but does no damage.
The black mamba completely misses you.
There is a stone staircase leading down here.
The yak looks more healthy.
The black mamba closely misses you. The rime drake closely misses you.
The black mamba barely misses you. The rime drake breathes ice at you.
The flash freeze hits you!
* * * LOW HITPOINT WARNING * * *
You are encased in ice.
You climb downwards.
You feel an oppressive heat about you.
There is an entrance to a volcano on this level.
Hurry and find it before the entrance collapses!
You hear the slow rumble of a very distant avalanche of rocks.
A komodo dragon, a water moccasin, a hippogriff and 3 blink frogs come into view.
The water moccasin hisses angrily.
The blink frog gives a loud, deep croak!
The blink frog croaks.
The water moccasin closely misses you. x2; The blink frog hits you!
You die...

...........#.
.....H......
...(.......##
....$.......#
...........#
..........>##
.......Fk...#
.......@F...#
##....FSS..#...
##............
##...........
#............
..#...........
###.#.........l
##...........


You could see a komodo dragon (sleeping), a hippogriff (sleeping), a black
mamba, 3 blink frogs, a rime drake and a water moccasin.

Vanquished Creatures
  Gastronok (D:8)
  3 hydras
  The ghost of Mesmaeker13 the Nimble, a journeyman DrWz of Sif Muna (Lair:1)
  4 two-headed ogres
  The ghost of anything the Covert, a journeyman SpAK of Lugonu (Lair:2)
  A tengu warrior (D:13)
  Nergalle (D:10)
  Pikel (D:5)
  A deep elf mage (D:11)
  A cyclops (D:11)
  A centaur zombie (D:11)
  7 spiny frogs
  3 komodo dragons
  2 rime drakes
  A polar bear (Lair:5)
  A troll (D:10)
  2 slime creatures (D:12)
  3 wyverns
  7 yaks
  Eustachio (D:6)
  3 steam dragons
  4 basilisks
  A warg (D:12)
  6 water moccasins
  Duvessa (D:7)
  3 porcupines
  3 ice beasts
  An orc warrior (D:11)
  A sky beast (D:5)
  2 slaves (D:5)
  A necrophage (D:7)
  2 phantoms
  4 centaurs
  3 ogres
  7 wolves
  6 crocodiles
  2 big kobolds
  14 bullfrogs
  A gnoll sergeant (D:10)
  A wyvern skeleton (D:10)
  3 scorpions
  12 wights
  3 water moccasin skeletons
  4 killer bees (D:8)
  A vampire bat (Lair:1)
  An electric eel (Lair:2)
  4 howler monkeys
  A bullfrog zombie (D:7)
  A crimson imp (D:6)
  3 quasits
  Crazy Yiuf (D:5)
  10 hounds
  4 jellies
  2 orc priests
  A bullfrog skeleton (D:8)
  2 orc wizards
  Natasha (D:3)
  4 iguanas
  3 worker ants
  2 hound zombies
  2 worker ant zombies
  3 gnolls
  7 adders
  A river rat (D:5)
  3 shadow imps
  An ooze (D:1)
  An adder zombie (D:8)
  An adder skeleton (D:7)
  2 dart slugs
  7 leopard geckos
  8 orcs
  3 ball pythons (Sewer)
  5 giant cockroaches
  2 goblins
  A hobgoblin (D:2)
  5 jackals
  9 bats
  7 frilled lizards
  A jackal zombie (D:5)
  11 kobolds
  A rat (D:5)
  A fungus (Lair:3)
  2 plants
256 creatures vanquished.

Vanquished Creatures (collateral kills)
  2 hydras
  The ghost of ThereIsNoGod the Eclecticist, a journeyman SpVM of Gozag (Lair:1)
  An elephant (D:11)
  2 black mambas
  A komodo dragon (Lair:1)
  2 hippogriffs (D:11)
  A slime creature (D:12)
  3 yaks
  A porcupine (Lair:4)
  2 wolves (Lair:4)
  3 crocodiles
  A bullfrog (D:8)
  Dowan (D:7)
  A scorpion (D:7)
  A killer bee (D:8)
  2 howler monkeys
  A hound (D:8)
  A gnoll shaman (D:8)
  5 gnolls (D:8)
  An adder (D:5)
  An orc (D:5)
  2 giant cockroaches
  A jackal (D:3)
  2 kobolds (D:7)
  A fungus (Lair:1)
  2 plants
42 creatures vanquished.

Vanquished Creatures (others)
  A jackal (D:5)
  5 plants (Lair:4)
6 creatures vanquished.

Grand Total: 304 creatures vanquished

Notes
Turn   | Place    | Note
-------+----------+-------------------------------------------
     0 | D:1      | tidbits the Demigod Transmuter began the quest for the Orb.
     0 | D:1      | Reached XP level 1. HP: 15/15 MP: 5/5
   119 | D:1      | Reached skill level 1 in Fighting
   157 | D:1      | Reached skill level 3 in Unarmed Combat
   251 | D:2      | Reached XP level 2. HP: 23/23 MP: 5/7
   257 | D:2      | Learned a level 2 spell: Sticks to Snakes
   269 | D:3      | Noticed Natasha
   277 | D:3      | Killed Natasha
   425 | D:3      | Reached XP level 3. HP: 26/28 MP: 6/8
   450 | D:3      | Noticed Natasha
   691 | D:5      | Entered Level 5 of the Dungeon
   712 | D:5      | Noticed an ogre
   730 | D:5      | Noticed an ice beast
   840 | D:4      | Reached skill level 2 in Spellcasting
   845 | D:4      | Learned a level 3 spell: Spider Form
   942 | D:5      | Found a glowing drain.
   952 | D:5      | Reached skill level 2 in Transmutations
   954 | D:5      | Reached XP level 4. HP: 25/35 MP: 4/10
   973 | Sewer    | Entered a sewer
  1053 | Sewer    | Noticed a bullfrog
  1057 | Sewer    | Killed a bullfrog
  1057 | Sewer    | Reached skill level 3 in Transmutations
  1060 | Sewer    | Reached XP level 5. HP: 26/40 MP: 2/11
  1090 | Sewer    | Reached skill level 4 in Unarmed Combat
  1292 | D:6      | Noticed Menkaure
  1518 | D:3      | Found a shattered altar of Ashenzari.
  1599 | D:4      | Reached skill level 5 in Unarmed Combat
  1679 | D:5      | HP: 2/40 [ice beast (11)]
  1685 | D:5      | Killed an ice beast
  1685 | D:5      | Reached XP level 6. HP: 47/47 MP: 3/12
  1811 | D:5      | Reached skill level 6 in Unarmed Combat
  1862 | D:5      | Found a runed door.
  1866 | D:5      | Noticed Crazy Yiuf
  1875 | D:5      | Killed Crazy Yiuf
  1875 | D:5      | Reached skill level 2 in Dodging
  1950 | D:6      | Reached skill level 2 in Fighting
  1950 | D:6      | Reached XP level 7. HP: 23/55 MP: 7/13
  2150 | D:8      | Noticed Gastronok
  2192 | D:8      | Killed Gastronok
  2192 | D:8      | Reached skill level 5 in Fighting
  2192 | D:8      | Reached skill level 5 in Dodging
  2192 | D:8      | Reached skill level 8 in Unarmed Combat
  2192 | D:8      | Reached XP level 8. HP: 47/68 MP: 14/14
  2192 | D:8      | Reached XP level 9. HP: 51/74 MP: 15/15
  2248 | D:8      | Noticed a two-headed ogre
  2258 | D:8      | Learned a level 5 spell: Blade Hands
  2344 | D:8      | Reached skill level 4 in Transmutations
  2362 | D:8      | Noticed a two-headed ogre
  2375 | D:8      | Killed a two-headed ogre
  2375 | D:8      | Reached skill level 3 in Spellcasting
  2375 | D:8      | Reached skill level 5 in Transmutations
  2394 | D:8      | Learned a level 1 spell: Apportation
  2396 | D:8      | Learned a level 1 spell: Summon Butterflies
  2417 | D:8      | Found a hide-covered altar of Uskayaw.
  2503 | D:8      | Reached skill level 6 in Transmutations
  2695 | D:7      | Noticed Dowan
  2715 | D:7      | Killed Dowan
  2719 | D:7      | Noticed Duvessa
  2755 | D:7      | Killed Duvessa
  2811 | D:6      | Noticed Eustachio
  2847 | D:6      | Killed Eustachio
  2847 | D:6      | Reached skill level 7 in Transmutations
  3034 | D:6      | Found a snail-covered altar of Cheibriados.
  3177 | D:5      | Noticed Pikel
  3188 | D:5      | Killed Pikel
  3188 | D:5      | Reached skill level 8 in Transmutations
  3211 | D:5      | Reached XP level 10. HP: 69/81 MP: 12/18
  3769 | D:9      | Found Mepecatz's Antique Weapon Shop.
  3802 | D:9      | Found Voido's Armour Boutique.
  3818 | D:9      | Noticed a two-headed ogre
  3827 | D:9      | Killed a two-headed ogre
  3827 | D:9      | Reached skill level 6 in Fighting
  3827 | D:9      | Reached skill level 6 in Dodging
  3841 | D:10     | Entered Level 10 of the Dungeon
  3891 | D:10     | Reached skill level 9 in Unarmed Combat
  4054 | D:10     | Noticed Nergalle
  4064 | D:10     | Killed Nergalle
  4085 | D:11     | Noticed a cyclops
  4090 | D:11     | Killed a cyclops
  4109 | D:11     | Found Disimec's Weapon Boutique.
  4257 | D:10     | Found a glowing golden altar of the Shining One.
  4278 | D:10     | Got a steaming ring mail
  4377 | D:10     | Noticed a two-headed ogre
  4385 | D:10     | Killed a two-headed ogre
  4445 | D:9      | Found a glowing silver altar of Zin.
  4477 | D:9      | Identified the cursed +0 ring mail of Daisies {rPois Str-3 Int+3 Dex+7} (You found it on level 10 of the Dungeon)
  4495 | D:9      | Found an ancient bone altar of Kikubaaqudgha.
  4504 | D:9      | Found Miarr's General Store.
  4512 | D:9      | Bought a scroll of noise for 12 gold pieces
  4512 | D:9      | Bought a scroll of fog for 24 gold pieces
  4512 | D:9      | Bought a potion of resistance for 120 gold pieces
  4594 | D:9      | Found Yninuc Quis's Assorted Antiques.
  4602 | D:9      | Bought a glowing bronze wand for 124 gold pieces
  4604 | D:9      | Bought a scroll of identify for 62 gold pieces
  4724 | D:11     | Reached skill level 7 in Dodging
  4767 | D:12     | Reached XP level 11. HP: 88/91 MP: 19/19
  4910 | D:12     | Noticed a two-headed ogre
  4918 | D:12     | Killed a two-headed ogre
  4918 | D:12     | Reached skill level 10 in Unarmed Combat
  5036 | D:13     | Noticed a tengu warrior
  5045 | D:13     | Killed a tengu warrior
  5045 | D:13     | Reached skill level 7 in Fighting
  5233 | D:12     | Found Qaroukad's General Store.
  5288 | D:12     | Found a staircase to the Orcish Mines.
  5290 | D:12     | Noticed an orc knight
  5428 | D:11     | Found a staircase to the Lair.
  5556 | Lair:1   | Entered Level 1 of the Lair of Beasts
  5570 | Lair:1   | Reached skill level 9 in Transmutations
  5575 | Lair:1   | Noticed a five-headed hydra
  5592 | Lair:1   | Killed a five-headed hydra
  5689 | Lair:1   | Learned a level 3 spell: Regeneration
  5743 | Lair:2   | Noticed anything's ghost (journeyman SpAK)
  5788 | Lair:1   | Noticed an eight-headed hydra
  5805 | Lair:1   | Killed an eight-headed hydra
  5805 | Lair:1   | Reached skill level 1 in Charms
  5805 | Lair:1   | Reached skill level 1 in Necromancy
  5908 | Lair:1   | Noticed a six-headed hydra
  5912 | Lair:1   | Noticed Mesmaeker13's ghost (journeyman DrWz)
  5969 | Lair:1   | Killed a six-headed hydra
  5971 | Lair:1   | Reached skill level 1 in Evocations
  5977 | Lair:1   | Killed Mesmaeker13's ghost
  5977 | Lair:1   | Reached skill level 2 in Charms
  5977 | Lair:1   | Reached skill level 2 in Necromancy
  6014 | Lair:1   | Reached skill level 2 in Evocations
  6030 | Lair:1   | Learned a level 1 spell: Animate Skeleton
  6040 | Lair:1   | Noticed ThereIsNoGod's ghost (journeyman SpVM)
  6047 | Lair:1   | Killed ThereIsNoGod's ghost
  6334 | Lair:2   | Reached skill level 3 in Charms
  6334 | Lair:2   | Reached skill level 3 in Necromancy
  6376 | Lair:2   | Killed anything's ghost
  6376 | Lair:2   | Reached skill level 1 in Translocations
  6376 | Lair:2   | Reached XP level 12. HP: 93/100 MP: 4/21
  6428 | Lair:2   | Noticed a six-headed hydra
  6444 | Lair:2   | Killed a six-headed hydra
  6468 | Lair:3   | Reached skill level 3 in Evocations
  6528 | Lair:3   | Noticed Snorg
  6639 | Lair:2   | Reached skill level 4 in Spellcasting
  6639 | Lair:2   | Reached skill level 1 in Summonings
  6742 | Lair:3   | Reached skill level 2 in Translocations
  6803 | Lair:4   | Noticed a four-headed hydra
  6809 | Lair:4   | Reached skill level 11 in Unarmed Combat
  6818 | Lair:4   | Killed a four-headed hydra
  6818 | Lair:4   | Reached skill level 8 in Dodging
  7103 | Lair:4   | Reached skill level 5 in Spellcasting
  7187 | Lair:4   | Learned a level 4 spell: Animate Dead
  7353 | Lair:6   | Entered Level 6 of the Lair of Beasts
  7353 | Lair:6   | Noticed an eight-headed hydra
  7509 | Lair:5   | Reached skill level 8 in Fighting
  7525 | Lair:6   | Found a staircase to the Slime Pits.
  7525 | Lair:6   | Slain by a blink frog

Skill      XL: |  1  2  3  4  5  6  7  8  9 10 11 12 |
---------------+-------------------------------------+-----
Fighting       | 1 2 5 6 7 8 |  8.0
Unarmed Combat | 3 5 6 8 9 10 11 | 11.4
Spellcasting   | 2 3 5 |  5.9
Transmutations | 2 3 8 9 |  9.1
Dodging        | 2 5 7 8 |  8.2
Charms         | 3 |  3.5
Necromancy     | 3 |  3.5
Evocations     | 2 3 |  3.0
Translocations | 1 2 |  2.0
Summonings     | 1 |  1.0

Action                   |  1- 3 |  4- 6 |  7- 9 | 10-12 || total
-------------------------+-------+-------+-------+-------++-------
Melee: Unarmed           |    53 |    93 |   201 |   447 ||   794
       Kick              |     8 |       |       |       ||     8
       Punch             |     1 |       |     1 |    21 ||    23
       Headbutt          |     1 |       |       |       ||     1
Throw: Javelin           |       |       |       |     1 ||     1
 Cast: Beastly Appendage |    11 |     1 |       |       ||    12
       Sticks to Snakes  |     6 |    11 |    29 |    69 ||   115
       Spider Form       |     2 |    18 |    23 |     3 ||    46
       Blade Hands       |       |       |       |    51 ||    51
       Regeneration      |       |       |       |    17 ||    17
       Animate Skeleton  |       |       |       |    19 ||    19
       Apportation       |       |       |       |     8 ||     8
       Animate Dead      |       |       |       |     1 ||     1
 Abil: End Transformatio |       |       |     1 |     4 ||     5
Evoke: Wand              |       |    12 |     2 |    17 ||    31
  Use: Scroll            |     2 |     3 |     2 |    19 ||    26
       Potion            |       |     3 |     4 |     4 ||    11
 Stab: Distracted        |     2 |       |     3 |     8 ||    13
       Sleeping          |     2 |       |       |     5 ||     7
  Eat: Fruit             |     1 |       |       |     3 ||     4
       Chunk             |       |     2 |     3 |    40 ||    45
       Meat ration       |       |     1 |       |       ||     1
       Royal jelly       |       |       |     2 |       ||     2
Armor: Robe              |    11 |     4 |     2 |    65 ||    82
       Skin              |       |     9 |    12 |    16 ||    37
Dodge: Dodged            |    30 |    69 |   214 |   313 ||   626

Table legend:
 A = Turns spent in this place as a percentage of turns spent in the entire game.
 B = Non-inter-level travel turns spent in this place as a percentage of non-inter-level travel turns spent in the entire game.
 C = Inter-level travel turns spent in this place as a percentage of turns spent in this place.
 D = Turns resting spent in this place as a percentage of non-inter-level travel turns spent in this place.
 E = Turns spent auto-exploring this place as a percentage of non-inter-level travel turns spent in this place.
 F = Non-inter-level travel turns spent in this place divided by the number of levels of this place that you've seen.
                   A       B       C       D       E      F
               +-------+-------+-------+-------+-------+----------------------
         Total | 100.0 | 100.0 |   0.0 |   0.0 |   0.0 | 367.1
       Dungeon |  67.9 |  67.9 |   0.1 |   0.0 |   0.0 | 383.5
          Lair |  28.0 |  28.0 |   0.0 |   0.0 |   0.0 | 343.2
         Sewer |   4.1 |   4.1 |   0.0 |   0.0 |   0.0 | 299.0
               +-------+-------+-------+-------+-------+----------------------

Table legend:
 A = Kills in this place as a percentage of kills in entire the game.
 B = Kills by you in this place as a percentage of kills by you in the entire game.
 C = Kills by friends in this place as a percentage of kills by friends in the entire game.
 D = Other kills in this place as a percentage of other kills in the entire game.
 E = Experience gained in this place as a percentage of experience gained in the entire game.
 F = Experience gained in this place divided by the number of levels of this place that you have seen.
                   A       B       C       D       E      F
               +-------+-------+-------+-------+-------+----------------------
         Total | 100.0 | 100.0 | 100.0 | 100.0 | 100.0 | 1815.1
       Dungeon |  65.5 |  66.4 |  59.0 | 100.0 |  50.9 | 1421.5
          Lair |  27.9 |  26.4 |  38.5 |   0.0 |  48.5 | 2931.5
         Sewer |   6.6 |   7.2 |   2.6 |   0.0 |   0.6 | 233.0
               +-------+-------+-------+-------+-------+----------------------

Vault maps used:
D:1:      minmay_arrival_floating_metal
D:2:      chequers_temple_overflow_statue_of_worship, first_bread, uniq_terence
D:3:      lemuel_round_altar, ashenzari_altar_1, uniq_grinder, uniq_natasha
D:4:      minmay_misc_feat_columns, hangedman_decor_lopped
D:5:      portal_sewer_entry_b, uniq_pikel, uniq_crazy_yiuf_cottage
D:6:      kennysheep_slug_shrine, kennysheep_cluttered_room, uniq_menkaure,
          uniq_eustachio
D:7:      temple_green, minmay_misc_feat_iff, uniq_duvessa
D:8:      basic_altar, hangedman_little_slice_of_home, uniq_gastronok
D:9:      lemuel_round_altar, serial_shops,
          nicolae_shop_competitors_out_of_business, shop, nicolae_shop_crystal,
          kennysheep_mini, basic_altar
D:10:     nicolae_tso_carved_into_rock, uniq_nergalle
D:11:     david_lair_generic, serial_shops, kennysheep_little_box
D:12:     david_orc_1_choice, serial_shops, nicolae_shop_waterfront
D:13:     gammafunk_wand_slinger, uniq_kirke, uniq_azrael
Lair:1:   roderic_batcave, serial_bayou_shore_b
Lair:2:   elwin_shoals_entry_stream, special_room, wad_woods_river_03
Lair:3:   nicolae_spider_entry_tight_spaces, grunt_megastairs_3,
          serial_bayou_shore_a, uniq_snorg
Lair:4:   minmay_lair_oklob_tunnel
Lair:5:   bobbens_dragon_lair_wall, serial_bayou_shore_b
Lair:6:   cheibrodos_lair_end_hotspot, slime_dummy,
          nicolae_volcano_entry_vermiform, minivault_29
Sewer:    sewer_frog_island_01
